 Dungeon Crawl Stone Soup version 0.30-a0-777-ga9a30cbeda (webtiles) character file.

Game seed: 2472088430719787143

96 jimonade the Ogre Mage (level 4, -1/39 HPs)
             Began as an Ogre Ice Elementalist on Feb 13, 2023.
             Slain by a gnoll
             ... wielding a +0 halberd
              (2 damage)
             ... on level 3 of the Dungeon.
             The game lasted 00:05:17 (2661 turns).

jimonade the Ogre Mage (Ogre Ice Elementalist)      Turns: 2661, Time: 00:05:18

Health: -1/39      AC:  7    Str: 14    XL:     4   Next: 67%
Magic:  10/10      EV:  5    Int: 16    God:
Gold:   113        SH:  0    Dex:  9    Spells: 4/11 levels left

rFire   . . .      SeeInvis .    a - +0 flail
rCold   . . .      Faith    .    (no shield)
rNeg    . . .      Spirit   .    s - +0 robe
rPois   .          Reflect  +    (helmet restricted)
rElec   .          Harm     .    (no cloak)
rCorr   .          Rampage  .    (gloves unavailable)
Will    .....                    (boots unavailable)
Stlth   +                        l - amulet of reflection
HPRegen 0.26/turn                d - +4 ring of protection
MPRegen 0.12/turn                (no ring)

@: confused, held
A: large, unfitting armour, tough skin 1
a: no special abilities


You were on level 3 of the Dungeon.
You visited 1 branch of the dungeon, and saw 3 of its levels.

You collected 113 gold pieces.

Inventory:

Hand Weapons
 a - a +0 flail (weapon)
 i - a +0 quarterstaff
Missiles
 n - 25 stones
 q - 4 poisoned darts
Armour
 s - a +0 robe (worn)
Jewellery
 d - a +4 ring of protection (left hand)
 l - an amulet of reflection (around neck)
Wands
 r - a wand of flame (15)
Scrolls
 e - 4 scrolls of teleportation {unknown}
 o - a scroll of amnesia {unknown}
 p - 2 scrolls of identify {unknown}
Potions
 b - a potion of magic
 c - 3 potions of curing {unknown}
 f - a potion of resistance {unknown}
 g - a potion of invisibility {unknown}
 h - 2 potions of lignification {unknown}
 j - a potion of heal wounds {unknown}
 k - a potion of degeneration {unknown}
 m - a potion of ambrosia {unknown}


   Skills:
 + Level 2.1 Dodging
 - Level 1.4 Stealth
 * Level 4.4 Spellcasting
 + Level 4.2 Ice Magic


You had 4 spell levels left.
You knew the following spells:

 Your Spells              Type           Power      Damage    Failure   Level
a - Freeze                Ice            64%        1d7       3%          1
b - Frozen Ramparts       Ice            32%        1d5       9%          3
c - Ozocubu's Armour      Ice            16%        N/A       9%          3

Your spell library contained the following spells:

 Spells                   Type           Power      Damage    Failure   Level
 Sting                    Tmut/Pois      12%        1d3       16%         1
 Poisonous Vapours        Pois/Air       6%         N/A       24%         2
 Tukima's Dance           Hex            3%         N/A       43%         3
 Summon Ice Beast         Ice/Summ       10%        N/A       56%         4
 Olgreb's Toxic Radiance  Pois           3%         N/A       85%         4
 Passage of Golubria      Tloc           3%         N/A       85%         4
 Yara's Violent Unravell  Hex/Tmut       1%         3d3       99%         5


Dungeon Overview and Level Annotations

Branches:
Dungeon (3/15)

Altars:
Sif Muna

Shops:
D:1 [

Annotations:
D:3 Ijyb


Innate Abilities, Weirdness & Mutations

You are too large for most types of armour.
You have tough skin. (AC +1)


Message History

Ijyb blocks your attack. Ijyb hits you but does no damage. x2
You bump into the rock wall.
Ijyb hits you with a +0 spear.
You closely miss Ijyb. Ijyb closely misses you.
You bump into the rock wall.
Ijyb hits you with a +0 spear.
A gnoll comes into view. It is wielding a +1 whip of flaming.
You barely miss Ijyb.
The gnoll shouts! x2
Ijyb hits you with a +0 spear.
Ijyb zaps a wand.
Your will is overpowered!
You are more confused.
A gnoll comes into view. It is wielding a +0 halberd.
You bump into the rock wall.
The gnoll shouts!
Ijyb screams, "Die!"
Ijyb hits you with a +0 spear.
You bump into the rock wall.
Ijyb zaps a wand.
Your will is overpowered!
You are more confused.
Ijyb zaps a wand.
Your will is overpowered!
You are more confused.
Ijyb zaps a wand.
You resist with some effort.
The now-empty wand crumbles to dust.
Ijyb hits you from afar with a +0 spear.
You're too confused to move!
Ijyb hits you but does no damage.
You bump into the rock wall.
Ijyb closely misses you. The gnoll misses you.
The gnoll hits you with a +0 whip. The gnoll barely misses you.
Ijyb hits you but does no damage. The gnoll hits you with a +0 club.
Ijyb hits you from afar with a +0 spear.
The gnoll barely misses you.
You bump into the rock wall.
The gnoll throws a throwing net.
The throwing net hits you.
You become entangled in the net!
Ijyb barely misses you. The gnoll barely misses you.
You struggle against the net.
The gnoll hits you with a +0 whip.
* * * LOW HITPOINT WARNING * * *
The gnoll hits you from afar with a +0 halberd.
* * * LOW HITPOINT WARNING * * *
Ijyb hits you but does no damage. The gnoll hits you with a +0 club.
* * * LOW HITPOINT WARNING * * *
You struggle against the net.
The gnoll hits you with a +0 whip.
* * * LOW HITPOINT WARNING * * *
The gnoll hits you from afar with a +0 halberd.
You die...

#.........#>.)...#.# #.##.##....
#.................<###.##.##..##
########......#..#........##....
#......#..###[..######.##
#......#..........# #....
####'###.......##.###....
######.# #....#####.##.....
#...##.###.#..# #.##..#..
#...##)#..@#..#####........
#...'....ggg...........##.#
#...##.#.gg##........####.#
#...##.#...##..............
#...##.#...##..............
#...'.........#####.##.....
#...##.##...........##.####
#...##'##'###g#####.......+
#.........................#


You could see Ijyb and 4 gnolls.

Vanquished Creatures
  Terence (D:3)
  3 adders
  A worm (D:2)
  2 orcs (D:3)
  3 ball pythons
  6 bats
  2 endoplasms (D:1)
  A giant cockroach (D:1)
  A goblin (D:1)
  5 hobgoblins
  5 quokkas
  3 frilled lizards
  7 kobolds
  2 rats
  A spectral hobgoblin (D:2)
43 creatures vanquished.

Notes
Turn   | Place    | Note
-------+----------+-------------------------------------------
     0 | D:1      | jimonade the Ogre Ice Elementalist began the quest for the
                  | Orb.
     0 | D:1      | Reached XP level 1. HP: 16/16 MP: 3/3
   283 | D:1      | Reached XP level 2. HP: 24/24 MP: 3/5
   449 | D:1      | Found Piugavy's Antique Armour Shop.
  1088 | D:2      | Reached XP level 3. HP: 31/31 MP: 5/7
  1379 | D:2      | Found a faded altar of an unknown god.
  1404 | D:2      | Learned a level 3 spell: Frozen Ramparts
  1408 | D:2      | Learned a level 3 spell: Ozocubu's Armour
  1634 | D:2      | Identified the +3 ring mail of Wuamimar {rCorr}
  2000 | D:3      | Found a shimmering blue altar of Sif Muna.
  2257 | D:3      | Reached XP level 4. HP: 39/39 MP: 7/9
  2453 | D:3      | Noticed Ijyb
  2456 | D:3      | Noticed Terence
  2513 | D:3      | Killed Terence
  2661 | D:3      | HP: 1/39 [gnoll/+0 whip (3)]
  2661 | D:3      | Slain by a gnoll

Illustrated notes

Levels and vault maps discovered:
D:1:      pf_arrival_petrified_forest, layout_basic, serial_shops,
          nicolae_shop_statue_plus
D:2:      layout_rooms, dreamdust_ecumenical_altar_drowned_temple,
          chequers_arboretum, hex_intersection
D:3:      layout_basic, mainiacjoe_overflow_six_doors_small, uniq_terence,
          uniq_ijyb

Skill      XL: |  1  2  3  4 |
---------------+-------------+-----
Ice Magic      | 4 |  4.2
Spellcasting   | 3 4 |  4.4
Dodging        | 2 |  2.1
Stealth        | |  1.4

Action                     |  1- 3 |  4- 6 || total
---------------------------+-------+-------++-------
  Melee: Quarterstaff      |       |     5 ||     5
         Flail             |       |     4 ||     4
   Cast: Freeze            |    60 |    11 ||    71
         Ozocubu's Armour  |     1 |     2 ||     3
         Frozen Ramparts   |       |     1 ||     1
 Armour: Robe              |    21 |    16 ||    37
  Dodge: Dodged            |    20 |    14 ||    34
  Block: Other             |     5 |     3 ||     8

Table legend: (Time is in decaauts)
 A = Elapsed time spent in this place.
 B = Non-inter-level travel time spent in this place.
 C = Inter-level travel time spent in this place.
 D = Time resting spent in this place.
 E = Time spent auto-exploring this place.
 F = Levels seen in this place.
 G = Mean time per level.
                   A        B        C        D        E       F      G
               +--------+--------+--------+--------+--------+-----+--------+
         Total |   2663 |   2598 |     65 |     15 |   2062 |   3 |  887.7 |
       Dungeon |   2663 |   2598 |     65 |     15 |   2062 |   3 |  887.7 |
               +--------+--------+--------+--------+--------+-----+--------+

Top non-repeatable levels by time:
     D:1: 984 daAuts
     D:2: 942 daAuts
     D:3: 736 daAuts
